 Dungeon Crawl Stone Soup version 0.31.0-9-g3a7656b989 (webtiles) character file.

Game seed: 3840636087565372050

59 qw the Shooter (level 3, -7/20 HPs)
             Began as a Deep Elf Hunter on Feb 2, 2024.
             Mangled by an iron imp (8 damage)
             ... summoned by Eustachio
             ... on level 4 of the Dungeon.
             The game lasted 00:00:05 (870 turns).

qw the Shooter (Deep Elf Hunter)                     Turns: 870, Time: 00:00:05

Health: -7/20      AC:  6    Str: 10      XL:     3   Next: 78%
Magic:  5/5        EV:  9    Int: 13      God:
Gold:   75         SH:  0    Dex: 16 (18) Spells: 2/2 levels left

rFire   . . .        a - +0 shortbow
rCold   . . .        (shield currently unavailable)
rNeg    . . .        h - +0 scale mail
rPois   .            (no helmet)
rElec   .            (no cloak)
rCorr   .            (no gloves)
SInv    .            (no boots)
Will    .....        (no amulet) Stlth
                     (no ring)
HPRegen 0.23/turn    (no ring)
MPRegen 0.09/turn

%: no passive effects
@: no status effects
A: no striking features
a: no special abilities


You were on level 4 of the Dungeon.
You visited 1 branch of the dungeon, and saw 3 of its levels.

You collected 75 gold pieces.


   Skills:
 - Level 1.5 Fighting
 + Level 7.3 Ranged Weapons
 - Level 2.4 Dodging
 - Level 1.2 Stealth


You had 2 spell levels left.
You didn't know any spells.
Your spell library was empty.

Inventory:

Hand Weapons
 a - a +0 shortbow (weapon)
Armour
 h - a +0 scale mail (worn)
Potions
 b - a potion of curing {unknown}
 c - 2 potions of attraction {unknown}
 d - a potion of heal wounds {unknown}
 f - a potion of enlightenment {unknown}

Dungeon Overview and Level Annotations

Branches:
Dungeon (4/15)
 Temple: D:4-7

Altars:
Elyvilon

Shops:
D:2 =

Annotations:
D:4 Eustachio


Message History

Eustachio blinks!
The iron imp grins evilly.
The iron imp hits you but does no damage.
The quasit barely misses you. x2
The quasit claws you but does no damage.
You shoot an arrow. The arrow hits the quasit.
The quasit is moderately wounded.
The orc wizard gestures wildly while chanting.
The orc wizard flickers and vanishes!
The quasit closely misses you. The quasit claws you.
You feel clumsy.
The quasit claws you but does no damage.
The iron imp shouts, "Run away, thou surly fat-kidneyed prigger-of-prances!"
The iron imp closely misses you.
Eustachio casts a spell.
Eustachio blinks!
866 ||| RETREEEEATING.
An endoplasm comes into view.
Found a scroll labelled GAFIPR EDARO.
Found a stone staircase leading up.
The endoplasm quivers.
Eustachio hits you with a +0 rapier. The iron imp attacks as it pursues you!
The iron imp hits you. The quasit bites you. The quasit barely misses you.
The quasit claws you but does no damage.
867 ||| RETREEEEATING.
The bat hits you. The bat hits you but does no damage. The iron imp hits you!
You shoot an arrow. The arrow misses the quasit.
The quasit disappears in a puff of smoke!
The bat barely misses you. The iron imp closely misses you.
You shoot an arrow.
The arrow hits Eustachio but does no damage.
Eustachio is moderately wounded.
The bat barely misses you. The bat closely misses you.
Eustachio hits you with a +0 rapier. The bat hits you but does no damage.
The iron imp completely misses you. Eustachio barely misses you.
The bat hits you but does no damage.
You shoot an arrow. The arrow hits Eustachio.
Eustachio is heavily wounded.
The bat closely misses you. Eustachio hits you with a +0 rapier.
The iron imp hits you!
You die...

.... ... ....... ....
..?#.. ....... ###....
.......^< # .$...
.....>.... #.# ###...
..........
#...#<..ยค#####........##
#......#@##o.).........#
#......@5.{o...........#
...#####5##............#
#....b.#...........
#.....###...........
...##### ##........# ....
##...$...# ...
#..$.####o.# .. #.####
... .. ..


You could see Eustachio, an iron imp (summoned), a shadow imp (summoned), 2 orcs
and a bat (summoned).

Vanquished Creatures
  A gnoll (D:1)
  2 dart slugs (D:1)
  A ribbon worm (D:2)
  An orc (D:4)
  3 endoplasms
  3 giant cockroaches
  4 goblins (D:1)
  4 hobgoblins
  4 jackals (D:1)
  2 kobolds (D:1)
  2 quokkas
  5 ball pythons
  6 bats
  A frilled lizard (D:1)
39 creatures vanquished.

Notes
Turn   | Place    | Note
-------+----------+-------------------------------------------
     0 | D:1      | qw the Deep Elf Hunter began the quest for the Orb.
     0 | D:1      | Reached XP level 1. HP: 12/12 MP: 3/3
     0 | D:1      | 0 ||| qw: Version: 0.3-a-155-g5e7d8dd
     0 | D:1      | 0 ||| qw: Game counter: 607
     0 | D:1      | 0 ||| qw: Melee chars always use a shield: true
     0 | D:1      | 0 ||| qw: God list: Okawaru
     0 | D:1      | 0 ||| qw: Allow faded altars: false
     0 | D:1      | 0 ||| qw: Do Orc after clearing Dungeon:15 true
     0 | D:1      | 0 ||| qw: Do second Lair branch before Depths: true
     0 | D:1      | 0 ||| qw: Lair rune preference: random
     0 | D:1      | 0 ||| qw: Goals: Normal
     0 | D:1      | 0 ||| PLANNING D:1-11
   113 | D:1      | Reached XP level 2. HP: 10/16 MP: 4/4
   116 | D:1      | Reached skill level 6 in Ranged Weapons
   217 | D:1      | Reached XP level 3. HP: 20/20 MP: 5/5
   232 | D:1      | Found a faded altar of an unknown god.
   456 | D:1      | Reached skill level 7 in Ranged Weapons
   622 | D:1      | 622 ||| UPGRADING to +0 scale mail.
   632 | D:1      | 632 ||| DROPPING +0 leather armour.
   633 | D:1      | 633 ||| READING 2 scrolls labelled WIOGRI UTYEPA.
   634 | D:1      | 634 ||| READING scroll labelled CIMAKEEMOR.
   635 | D:1      | 635 ||| READING scroll labelled QOYNKID LEMIWI.
   636 | D:1      | 636 ||| DROPPING scroll of butterflies.
   637 | D:1      | 637 ||| DROPPING scroll of immolation.
   639 | D:1      | 639 ||| Stepping ~*~*~tactically~*~*~ (cloud).
   646 | D:1      | HP: 5/20 [poisoned by you (poison gas)]
   776 | D:2      | Found a white marble altar of Elyvilon.
   838 | D:2      | Found Wuatoo's One-of-a-Kind Rings.
   838 | D:2      | You fall into a shaft and drop 2 floors!
   849 | D:4      | Noticed Eustachio
   850 | D:4      | 850 ||| RETREEEEATING.
   853 | D:4      | 853 ||| RETREEEEATING.
   854 | D:4      | 854 ||| RETREEEEATING.
   855 | D:4      | 855 ||| RETREEEEATING.
   856 | D:4      | 856 ||| RETREEEEATING.
   857 | D:4      | 857 ||| RETREEEEATING.
   858 | D:4      | 858 ||| RETREEEEATING.
   859 | D:4      | 859 ||| RETREEEEATING.
   860 | D:4      | 860 ||| RETREEEEATING.
   866 | D:4      | 866 ||| RETREEEEATING.
   867 | D:4      | 867 ||| RETREEEEATING.
   867 | D:4      | HP: 4/20 [iron imp[Eustachio] (7)]
   870 | D:4      | HP: 1/20 [Eustachio/+0 rapier (3)]
   870 | D:4      | Mangled by an iron imp

Levels and vault maps discovered:
D:1:      dpeg_arrival_simpleton_c, layout_basic,
          ebering_ecumenical_altar_sacrificial, minmay_misc_feat_room,
          st_stairs_6, due_unseen_surprise
D:2:      layout_rooms, basic_altar, nicolae_shop_unique_rings
D:4:      layout_rooms, amcnicky_altar_gilded, grunt_gozag_breadcrumbs,
          serial_shops, nicolae_shop_trees, nicolae_shop_tiny_glass, shop,
          uniq_robin, uniq_eustachio

Skill      XL: |  1  2  3 |
---------------+----------+-----
Ranged Weapons | 6 7 |  7.3
Fighting       | |  1.5
Dodging        | |  2.4
Stealth        | |  1.2

Action                     || total
---------------------------++-------
   Fire: Shortbow          ||    86
    Use: Scroll            ||     3
 Armour: Leather armour    ||    10
         Scale mail        ||    31
  Dodge: Dodged            ||    30

Table legend:
 A = Non-vault XP
 B = Vault XP
 C = Vault XP percentage of total XP
 D = Non-vault monster count
 E = Vault monster count
 F = Vault count percentage of total count
                 A         B        C        D         E       F
            +---------+---------+-------+---------+---------+-------
      Total |      80 |       5 |   5.9 |      36 |       3 |   7.7
            +---------+---------+-------+---------+---------+-------
        D:1 |      63 |       5 |   7.4 |      28 |       3 |   9.7
        D:2 |      12 |       0 |   0.0 |       6 |       0 |   0.0
        D:4 |       5 |       0 |   0.0 |       2 |       0 |   0.0
            +---------+---------+-------+---------+---------+-------
